 Dungeon Crawl Stone Soup version 0.31.0-11-ge490571c62 (webtiles) character file.

Game seed: 1043480569413389656

23 Gadfly the Ruffian (level 2, 0/21 HPs)
             Began as a Demonspawn Shapeshifter on Jan 26, 2024.
             Slain by a kobold
             ... wielding a +0 whip of electrocution
              (16 damage)
             ... on level 1 of the Dungeon.
             The game lasted 00:00:45 (661 turns).

Gadfly the Ruffian (Demonspawn Shapeshifter)         Turns: 661, Time: 00:00:48

Health: 0/21       AC:  4    Str: 14    XL:     2   Next: 75%
Magic:  2/2        EV:  9    Int: 10    God:
Gold:   44         SH:  0    Dex: 12    Spells: 1/1 levels left

rFire   . . .        b - +1 great sword (protect)
rCold   . . .        (shield currently unavailable)
rNeg    . . .        a - +0 animal skin
rPois   .            (helmet currently unavailable)
rElec   .            (cloak currently unavailable)
rCorr   .            (gloves currently unavailable)
SInv    .            (boots currently unavailable)
Will    .....        (no amulet)
Stlth   +            (no ring)
HPRegen 0.23/turn    (no ring)
MPRegen 0.08/turn

%: no passive effects
@: beast-form, constricted
A: beast (slay +1), icy blue scales 1
a: Begin Untransformation


You were on level 1 of the Dungeon.
You were a hulking beast.
You visited 1 branch of the dungeon, and saw 1 of its levels.

You collected 44 gold pieces.

Inventory:

Hand Weapons
 b - a +1 great sword of protection (weapon)
Armour
 a - a +0 animal skin (worn)
Talismans
 c - a beast talisman
 d - a flux talisman
Scrolls
 f - a scroll of noise {unknown}
Potions
 e - a potion of lignification
 g - a potion of mutation {unknown}


   Skills:
 + Level 1.3 Fighting
 * Level 2.1 Dodging
 + Level 2.9 Unarmed Combat
 * Level 1.1 Evocations
 + Level 2.8 Shapeshifting


You had one spell level left.
You didn't know any spells.
Your spell library was empty.

Dungeon Overview and Level Annotations

Branches:
Dungeon (1/15)

Altars:


Innate Abilities, Weirdness & Mutations

You are a hulking beast.
Your limbs bulge with bestial killing power. (Slay +1)
You are partially covered in icy blue scales. (AC +2)


Message History

Your weapon exudes an aura of protection.
You kill the hobgoblin!
No target in view!
You see here a hobgoblin corpse.
A kobold comes into view. It is wielding a +0 whip.
A kobold is nearby!
A kobold is nearby!
A kobold is nearby!
The kobold shouts!
The kobold closely misses you.
You barely miss the kobold. The kobold barely misses you. x2
You hit the kobold.
Your weapon exudes an aura of protection.
You kill the kobold!
No target in view!
No target in view!
No target in view!
No target in view!
No target in view!
No target in view!
Things that are here:
a +0 whip; 3 stones A kobold comes into view.
It is wielding a +0 whip of electrocution.
A kobold is nearby!
A kobold is nearby!
A kobold is nearby!
A ball python comes into view.
The kobold throws a stone.
The stone closely misses you.
You see here 8 gold pieces.
The ball python hisses angrily.
The kobold hits you with a +0 whip of electrocution.
The ball python bites you but does no damage.
The ball python grabs you. The ball python constricts you.
You barely miss the ball python. The kobold closely misses you.
The ball python bites you but does no damage.
The ball python constricts you.
The kobold hits you with a +0 whip of electrocution.
You are electrocuted!
Ouch! That really hurt!
You die...

##.# #.# #......#### ### #.#
#.# #.###).##.# #.# ##.# #†#
#.# #..##.# #.# ...# #.# #.#
#..##.#####.#
############.###.#
#...........#
#####.........##$#
#####.##.####
....#.######.###.#######.##.#
###.#.# #.##..........##.#
#.#.######.##.h##########.#####
###..........##SK# #......
..†..#.########... #######
####....... ..#.# ######## ##.
.# ## ##


You could see a ball python and a kobold.

Vanquished Creatures
  A dart slug (D:1)
  2 ball pythons (D:1)
  3 bats (D:1)
  2 endoplasms (D:1)
  2 goblins (D:1)
  4 hobgoblins (D:1)
  4 kobolds (D:1)
  A rat (D:1)
19 creatures vanquished.

Notes
Turn   | Place    | Note
-------+----------+-------------------------------------------
     0 | D:1      | Gadfly the Demonspawn Shapeshifter began the quest for the
                  | Orb.
     0 | D:1      | Reached XP level 1. HP: 15/15 MP: 1/1
   211 | D:1      | Gained mutation: You are partially covered in icy blue
                  | scales. (AC +2) [demonic ancestry]
   211 | D:1      | Reached XP level 2. HP: 18/21 MP: 2/2
   535 | D:1      | Reached skill level 1 in Evocations
   661 | D:1      | Slain by a kobold

Illustrated notes

Levels and vault maps discovered:
D:1:      dpeg_arrival_morbid_curiosity, layout_loops_ring, st_stairs_6

Skill      XL: |  1  2 |
---------------+-------+-----
Dodging        | 2 |  2.1
Evocations     | 1 |  1.1
Fighting       | |  1.3
Unarmed Combat | |  2.9
Shapeshifting  | |  2.8

Action                     || total
---------------------------++-------
  Melee: Great sword       ||    32
         Unarmed           ||     7
   Stab: Sleeping          ||     4
 Armour: Animal skin       ||    19
  Dodge: Dodged            ||    33
